Unix NetHack Version 5.0.0-0 post-release - last build May 23 2026 06:08:33 (1c0ff79ee797540d5714e4e18072db0edd9e58ae,branch:main).

Game began 2026-05-24 00:32:42, ended 2026-05-24 00:47:47.

Jobair, neutral female human Tourist

                          -------------
                          |............
                         #............|     --------           -----
                         #|...........|     |......-#          |...-#
                         #|...........|    #.....).|#         #..<.|#
        ------------     #|...........|# ###----.---#         #|._.|##
        |(/!(.*[!%d|   ###|.....`......###   ####   #         #|...| #
        |!=.[!...)?@####  ------------- #    #      #         #|...| #
        |[[))*.[..@|                        ##      ##        #----- ##
        |+*.!!.[...|                       -.---     #        #       ##
        ------------                       |...|     ##       ##       #
                                           |...-##    #        ###     ##
                                           |...| ###  #       ###############
                                           |..>|      #          #      #---.-
                                           |...|      #  --------#      #....|
                                           |.o.|      #  |.......#       |d..|
                                           -----      #  |......|        |...|
                                                      ###.......|        -----
                                                         --------

Jobair the Sightseer        St:13 Dx:10 Co:18 In:12 Wi:9 Ch:15  Neutral
Dlvl:5  $:742 HP:37(37) Pw:13(13) AC:10 Xp:4 T:1785 

Latest messages:
 You see here a blue gem (for sale, 4000 zorkmids).
 You see here an elven mithril-coat (for sale, 320 zorkmids).
 Godzilla picks up a conical hat.
 You see here a gold ring (for sale, 356 zorkmids).
 You see here a wand of light (for sale, 133 zorkmids).
 Godzilla eats a small mimic corpse.
 You see a housecat appear where Godzilla was!
 You see here a leash (for sale, 27 zorkmids).
 You see here a potion of extra healing (for sale, 133 zorkmids).
 You see here a leather armor (for sale, 7 zorkmids).
 You see here a yellow spellbook (for sale, 133 zorkmids).
 You see here an elven mithril-coat (for sale, 320 zorkmids).
 You have a little trouble lifting an elven mithril-coat.  Continue? [ynq] (q) n
 You see here 11 throwing stars (for sale, 77 zorkmids).
 You hear the footsteps of a guard on patrol.
 You see here a pink spellbook (for sale, 133 zorkmids).
 You see here a yellow gem (for sale, 933 zorkmids).
 Godzilla drops a conical hat.
 You see here a ring mail (for sale, 133 zorkmids).
 You see here a runed broadsword named Orcrist (for sale, 10668 zorkmids).
 Godzilla picks up a black gem.
 "For you, most gracious lady; only 10668 zorkmids for this runed broadsword named Orcrist."
 Q - a runed broadsword named Orcrist (unpaid, 10668 zorkmids).
 You hear the footsteps of a guard on patrol.
 What do you want to drop?
 You drop a runed broadsword named Orcrist (unpaid, 10668 zorkmids).
 You bought a scroll called identify for 27 gold pieces.
 You bought a lock pick for 27 gold pieces.
 You bought a clear potion for 9 gold pieces.
 "Thank you for shopping in Ouiatchouane's general store!"
 Godzilla drops a black gem.
 You see here a black gem (for sale, 3333 zorkmids).
 Godzilla picks up a scroll labeled JUYED AWK YACC.
 Godzilla drops a scroll labeled JUYED AWK YACC.
 Godzilla picks up a sky blue potion.
 Godzilla drops a sky blue potion.
 Godzilla picks up a sky blue potion.
 Godzilla drops a sky blue potion.
 Godzilla picks up a sky blue potion.
 Godzilla drops a sky blue potion.
 Godzilla picks up a scroll labeled JUYED AWK YACC.
 Godzilla drops a scroll labeled JUYED AWK YACC.
 Godzilla picks up a red gem.
 Really quit without saving? [yn] (n) y
 Ouiatchouane gratefully inherits all your possessions.
 Do you want to see what you had when you quit? [ynq] (y) y
 Do you want to see your attributes? [ynq] (y) y
 Do you want an account of creatures vanquished? [ynaq] (y) y
 Do you want to see your conduct and achievements? [ynq] (y) y
 Do you want to see the dungeon overview? [ynq] (y) y

Inventory:
 Coins    ('$')
  $ - 742 gold pieces
 Weapons  (')')
  a - 30 +2 darts (at the ready)
  r - a cursed -1 orcish dagger
  K - a blessed +0 orcish spear
  t - a +0 stiletto
 Armor    ('[')
  j - an uncursed +0 Hawaiian shirt with a sailboat motif
 Comestibles  ('%')
  g - an uncursed goober
  b - 7 uncursed food rations
  f - an uncursed fortune cookie
  G - 2 uncursed pears
  d - 4 cursed tripe rations
  v - 2 cursed tins of spinach
  c - 4 uncursed eggs
 Scrolls  ('?')
  B - an uncursed scroll of blank paper
  q - an uncursed scroll of enchant armor
  J - an uncursed scroll of enchant weapon
  n - an uncursed scroll of fire
  F - an uncursed scroll of genocide
  D - a blessed scroll of identify
  u - an uncursed scroll of identify
  M - an uncursed scroll of identify
  i - 4 uncursed scrolls of magic mapping
  m - a cursed scroll of scare monster
 Potions  ('!')
  E - an uncursed potion of confusion
  h - 2 uncursed potions of extra healing
  C - 2 uncursed potions of healing
  p - 4 cursed potions of healing
  w - a blessed potion of levitation
  A - an uncursed potion of levitation
  H - an uncursed potion of object detection
  I - 2 uncursed potions of sickness
  O - an uncursed potion of water
 Rings    ('=')
  x - an uncursed ring of regeneration
 Wands    ('/')
  L - a wand of digging (0:3)
  y - a wand of light (0:13)
 Tools    ('(')
  o - an empty uncursed bag of holding
  l - an uncursed credit card
  k - an expensive camera (0:86)
  P - an uncursed lock pick
 Gems/Stones  ('*')
  s - 2 cursed topaz stones
  z - an uncursed worthless piece of white glass

Jobair the Tourist's attributes:

Background:
 You were a Sightseer, a level 4 female human Tourist.
 You were neutral, nominally on a mission for The Lady
 who was opposed by Blind Io (lawful) and Offler (chaotic).
 You were right-handed.
 You were in the Dungeons of Doom, on level 5.
 You entered the dungeon 1785 turns ago.
 It was the midnight hour.
 You had 96 experience points, 64 more were needed to attain level 5.

Basics:
 You had all 37 hit points.
 You had all 13 energy points (spell power).
 Your armor class was 10.
 Your wallet contained 742 zorkmids.
 Autopickup was off.

Final Characteristics:
 Your strength was 13 (limit:18/100).
 Your dexterity was 10 (limit:18).
 Your constitution was 18 (limit:18).
 Your intelligence was 12 (limit:18).
 Your wisdom was 9 (limit:18).
 Your charisma was 15 (limit:18).

Final Status:
 You weren't hungry.
 You were unencumbered.
 You were bare handed.
 You were unskilled in bare handed combat.
 You weren't wearing any armor.

Final Attributes:
 You were stridently aligned.
 You saw invisible.
 You survived.

Miscellaneous:
 You encountered 1 bones level.
 Total elapsed playing time was 15 minutes and 1 second.

Major events:
 Turn
    1: Jobair the neutral female human Tourist entered the dungeon
  753: entered the Gnomish Mines
 1196: attained the rank of Sightseer (level 3)
 1650: found Orcrist in a shop
 1785: quit

You didn't know any spells.

Skills:
 Fighting Skills
   bare handed combat [Unskilled]
   two weapon combat  [Unskilled]
   riding             [Unskilled]
 Weapon Skills
   dagger             [Unskilled]
   knife              [Unskilled]
   axe                [Unskilled]
   pick-axe           [Unskilled]
   short sword        [Unskilled]
   broadsword         [Unskilled]
   long sword         [Unskilled]
   two-handed sword   [Unskilled]
   saber              [Unskilled]
   mace               [Unskilled]
   morning star       [Unskilled]
   flail              [Unskilled]
   hammer             [Unskilled]
   quarterstaff       [Unskilled]
   polearms           [Unskilled]
   spear              [Unskilled]
   trident            [Unskilled]
   lance              [Unskilled]
   bow                [Unskilled]
   sling              [Unskilled]
   crossbow           [Unskilled]
   dart               [Basic]
   shuriken           [Unskilled]
   boomerang          [Unskilled]
   whip               [Unskilled]
   unicorn horn       [Unskilled]
 Spellcasting Skills
   divination spells  [Unskilled]
   enchantment spells [Unskilled]
   escape spells      [Unskilled]

Voluntary challenges:
 Character rerolling was not enabled.
 You were an atheist.
 You never hit with a wielded weapon.
 You never genocided any monsters.
 You never polymorphed an object.
 You never changed form.
 You used no wishes.
Achievements:
 You entered the Gnomish Mines.
 You attained the rank of Sightseer.
 You entered a shop.

 The Dungeons of Doom: levels 1 to 5
    Level 1:
    Level 2:
       A grave.
       Stairs down to The Gnomish Mines.
    Level 3:
       A grave.
    Level 4:
    Level 5: <- You were here.
       A general store, an altar.
 The Gnomish Mines:
    Level 3:
       Final resting place for
          SpockMan02-Wiz-Hum-Fem-Neu, killed by a gnome lord.


Vanquished creatures:
  a small mimic
 an acid blob
  a coyote
  a hobbit
  2 giant rats
  a yellow mold
  a green mold
  2 geckos
  4 jackals
  3 foxes
  a goblin
  a sewer rat
  3 grid bugs
  4 lichens
  2 kobold zombies
  5 newts
33 creatures vanquished.

No species were genocided or became extinct.

Aloha Jobair the Tourist...

You quit in The Dungeons of Doom on dungeon level 5 with 742 points,
and 742 pieces of gold, after 1785 moves.
You were level 4 with a maximum of 37 hit points when you quit.

